 Dungeon Crawl Stone Soup version 0.28-a0-206-gc2c9e32840 (webtiles) character file.

Game seed: 4125809789436690936

199 willcat the Covert (level 6, 0/37 HPs)
             Began as a Kobold Delver on Aug 20, 2021.
             Slain by a sky beast (6 damage)
             ... on level 7 of the Dungeon.
             The game lasted 00:01:38 (980 turns).

willcat the Covert (Kobold Delver)                   Turns: 980, Time: 00:01:38

Health: 0/37       AC:  4    Str: 10    XL:     6   Next: 6%
Magic:  6/6        EV: 16    Int: 12    God:
Gold:   65         SH:  0    Dex: 17    Spells: 5/5 levels left

rFire   . . .      SeeInvis .   k - +0 rapier
rCold   . . .      Faith    .   (shield restricted)
rNeg    . . .      Spirit   .   b - +0 leather armour
rPois   .          Reflect  .   i - +0 helmet
rElec   .          Harm     .   (no cloak)
rCorr   .          Rampage  .   (no gloves)
Will    .....                   (no boots)
Stlth   +++++.....              (no amulet)
HPRegen 0.12/turn               (no ring)
MPRegen 0.10/turn               (no ring)

@: no status effects
A: small, no large weapons, nightstalker 3
a: no special abilities


You were on level 7 of the Dungeon.
You visited 1 branch of the dungeon, and saw 3 of its levels.

You collected 65 gold pieces.

Inventory:

Hand Weapons
 a - a +0 short sword
 k - a +0 rapier (weapon)
Armour
 b - a +0 leather armour (worn)
 i - a +0 helmet (worn)
Wands
 g - a wand of digging (3)
Scrolls
 c - a scroll of fog
 d - a scroll of magic mapping
 e - a scroll of fear
 h - 3 scrolls of identify {unknown}
 j - a scroll of teleportation {unknown}
Potions
 f - a potion of haste


   Skills:
 - Level 3.2 Fighting
 + Level 4.9 Short Blades
 + Level 4.4 Dodging
 + Level 8.0 Stealth


You had 5 spell levels left.
You didn't know any spells.
Your spell library contained the following spells:

 Spells                   Type           Power      Damage    Failure   Level
 Summon Guardian Golem    Hex/Summ       0%         N/A       80%         3
 Orb of Destruction       Conj           0%         N/A       100%        7
 Spellforged Servitor     Conj/Summ      0%         N/A       100%        7


Dungeon Overview and Level Annotations

Branches:
Dungeon (7/15)
 Temple: D:4-7

Altars:


Innate Abilities, Weirdness & Mutations

You are small and have problems with some larger weapons.
You are completely attuned to the shadows.


Message History

You hit the sky beast.
The sky beast is moderately wounded.
The sky beast hits you. The sky beast shocks you.
* * * LOW HITPOINT WARNING * * *
Unknown command.
You puncture the sky beast!
The sky beast is heavily wounded.
The sky beast hits you.
* * * LOW HITPOINT WARNING * * *
The sky beast shocks you.
* * * LOW HITPOINT WARNING * * *
Unknown command.
You hit the sky beast but do no damage.
The sky beast is heavily wounded.
The sky beast closely misses you.
Unknown command.
You hit the sky beast.
The sky beast is severely wounded.
The sky beast flickers out of sight!
Deactivating autopickup; reactivate with Ctrl-A.
Something barely misses you.
Unknown command.
A sky beast appears from thin air!
Reactivating autopickup.
You miss the sky beast.
The sky beast is severely wounded.
The sky beast completely misses you.
You hit the sky beast.
The sky beast is almost dead.
Unknown command.
You barely miss the sky beast.
The sky beast is almost dead.
The sky beast barely misses you.
Unknown command.
You closely miss the sky beast.
The sky beast is almost dead.
The sky beast hits you.
* * * LOW HITPOINT WARNING * * *
The sky beast shocks you.
You die...

#.# #.# #.#
#.# #.# #.#
#.# #.# #.#
#.# #.# #.#
#.# ###.#
#.# #.Y.#
#># #@###
#.# #.# #.#
###.### #.#
#.....#
#.###.....#
#...........
#####<....##
#......
######


You could see a sky beast.

Vanquished Creatures
  A bullfrog (D:7)
  A howler monkey (D:5)
  A jelly (D:7)
  An iguana (D:5)
  A howler monkey zombie (D:7)
  2 gnolls
  A shadow imp (D:7)
  A worm (D:5)
  An orc (D:5)
10 creatures vanquished.

Vanquished Creatures (others)
  4 plants (D:7)
4 creatures vanquished.

Grand Total: 14 creatures vanquished

Notes
Turn   | Place    | Note
-------+----------+-------------------------------------------
     0 | D:5      | willcat the Kobold Delver began the quest for the Orb.
     0 | D:5      | Reached XP level 1. HP: 14/14 MP: 1/1
     8 | D:5      | Noticed a howler monkey
    12 | D:5      | Killed a howler monkey
    13 | D:5      | Reached skill level 7 in Stealth
    13 | D:5      | Reached XP level 2. HP: 19/19 MP: 2/2
    13 | D:5      | Reached XP level 3. HP: 23/23 MP: 3/3
   395 | D:5      | Reached XP level 4. HP: 28/28 MP: 4/4
   446 | D:6      | Noticed an ogre
   635 | D:7      | Noticed an ice beast
   661 | D:7      | Reached XP level 5. HP: 31/32 MP: 5/5
   677 | D:7      | Noticed a sky beast
   832 | D:7      | Noticed a bullfrog
   851 | D:7      | Killed a bullfrog
   852 | D:7      | Reached skill level 8 in Stealth
   852 | D:7      | Reached XP level 6. HP: 28/37 MP: 6/6
   980 | D:7      | Slain by a sky beast

Illustrated notes

Levels and vault maps discovered:
D:5:      layout_cave_pools, minitemple
D:6:      layout_layer_cave, minmay_temple_entry_waves,
          kennysheep_generic_room_3, uniq_duvessa
D:7:      layout_loops_ring, nicolae_hepliaklqana_hazy_memory

Skill      XL: |  1  2  3  4  5 |
---------------+----------------+-----
Short Blades   | 3 4 |  4.9
Dodging        | 3 4 |  4.4
Stealth        | 7 8 |  8.0
Fighting       | |  3.2

Action                   |  1- 3 |  4- 6 || total
-------------------------+-------+-------++-------
Melee: Short sword       |    24 |    13 ||    37
       Rapier            |       |    27 ||    27
 Stab: Sleeping          |     2 |     4 ||     6
Armor: Leather armour    |     2 |    10 ||    12
Dodge: Dodged            |     6 |    22 ||    28

Table legend: (Time is in decaauts)
 A = Elapsed time spent in this place.
 B = Non-inter-level travel time spent in this place.
 C = Inter-level travel time spent in this place.
 D = Time resting spent in this place.
 E = Time spent auto-exploring this place.
 F = Levels seen in this place.
 G = Mean time per level.
                   A        B        C        D        E       F      G
               +--------+--------+--------+--------+--------+-----+--------+
         Total |    974 |    974 |      0 |    484 |    240 |   3 |  324.7 |
       Dungeon |    974 |    974 |      0 |    484 |    240 |   3 |  324.7 |
               +--------+--------+--------+--------+--------+-----+--------+

Top non-repeatable levels by time:
     D:7: 505 daAuts
     D:5: 435 daAuts
     D:6: 33 daAuts
